[Event "Titled Tuesday Blitz August 17 2021"]
[White "Kezin, Roman"]
[Black "Sarana, Alexey"]
[WhiteFideId "24124621"]
[BlackFideId "24133795"]
[WhiteElo "2570"]
[BlackElo "2646"]
[Result "0-1"]
[Round "08"]
[TimeControl "180+1"]
[Date "2021.08.17"]
[WhiteClock "0:00:07"]
[BlackClock "0:00:38"]

1. d4 Nf6 2. c4 e6 3. Nf3 d5 4. g3 Be7 5. Bg2 O-O 6. O-O c6 7. Qc2 Nbd7 8. Nbd2 b6 9. e4 dxc4 10. Nxc4 Bb7 11. Bf4 c5 12. Rfe1 Rc8 13. Nd6 Bxd6 14. Bxd6 Re8 15. e5 cxd4 16. Qd3 Nd5 17. Qxd4 Nc5 18. Rac1 Qd7 19. Bxc5 bxc5 20. Rxc5 Rxc5 21. Qxc5 a6 22. Nd4 Rc8 23. Qa3 h6 24. h4 Rc4 25. Nb3 Qb5 26. Qd6 Rc8 27. Be4 Qa4 28. Rc1 Rxc1+ 29. Nxc1 Qxe4 30. Qb8+ Kh7 31. Qxb7 Qe1+ 32. Kg2 Qxc1 33. Qxf7 Qc6 34. Kh2 Qc2 35. h5 Qf5 36. Qxf5+ exf5 37. Kg2 Kg8 38. f4 Kf7 39. Kf3 Ke6 40. Ke2 Nb4 41. a3 Nc6 42. Kd3 Kd5 43. b4 Nd4 44. a4 Ne6 45. Kc3 Nd8 46. Kd3 Nc6 47. Kc3 Na7 48. Kd3 Nc8 49. Kc3 Nb6 50. Kb3 Nc4 51. Kc3 Ne3 52. b5 axb5 53. axb5 Kc5 54. e6 Nd5+ 55. Kd3 Ne7 56. Kc3 Kxb5 57. Kd4 Kc6 58. Ke5 Kc5 59. g4 fxg4 60. f5 g3 61. f6 gxf6+ 62. Kxf6 Kd6 0-1


[Site "https://www.chess.com"]

[Event "Titled Tuesday Blitz August 17 2021"]
[White "Khanin, Semen"]
[Black "Espinosa Veloz, Ermes"]
[WhiteFideId "4111990"]
[BlackFideId "3507424"]
[WhiteElo "2521"]
[BlackElo "2333"]
[Result "1-0"]
[Round "08"]
[TimeControl "180+1"]
[Date "2021.08.17"]
[WhiteClock "0:02:50"]
[BlackClock "0:00:56"]

1. e4 e6 2. d4 d5 3. e5 c5 4. c3 Nc6 5. Nf3 Qb6 6. Na3 Nh6 7. Nc2 Nf5 8. Bd3 cxd4 9. cxd4 Be7 10. O-O O-O 11. g4 Nh4 12. Nxh4 Bxh4 13. g5 h6 14. Qh5 Bxg5 15. Bxg5 Re8 16. Bxh6 gxh6 17. Qxh6 f5 18. exf6 Qd8 19. Qg7# 1-0


[Site "https://www.chess.com"]

[Event "Titled Tuesday Blitz August 17 2021"]
[White "Klabis, Rokas"]
[Black "Kadam, Om Manish"]
[WhiteFideId "12805246"]
[BlackFideId "45076294"]
[WhiteElo "2275"]
[BlackElo "1729"]
[Result "0-1"]
[Round "08"]
[TimeControl "180+1"]
[Date "2021.08.17"]
[WhiteClock "0:00:09"]
[BlackClock "0:00:09"]

1. e4 c5 2. Nf3 d6 3. d4 cxd4 4. Nxd4 Nf6 5. Nc3 a6 6. h3 e6 7. g4 Be7 8. Bg2 Qc7 9. O-O Nc6 10. Be3 Nd7 11. Qe2 O-O 12. Rad1 Rb8 13. f4 b5 14. f5 Nxd4 15. Bxd4 Bb7 16. Bf2 Ne5 17. Qe3 Nc4 18. Qc1 Bf6 19. Rd3 Rbc8 20. g5 Be5 21. b3 Na3 22. Qxa3 Bxc3 23. Qxd6 Be5 24. Qxc7 Rxc7 25. Rfd1 Rxc2 26. R1d2 Rxd2 27. Rxd2 Bc6 28. Rc2 Rc8 29. Bf1 Kf8 30. a4 bxa4 31. bxa4 Bb7 32. Rc5 Rxc5 33. Bxc5+ Ke8 34. Kf2 Kd7 35. Ke3 Bc7 36. Bc4 Bd8 37. h4 g6 38. Bd3 Bc7 39. Ke2 Bg3 40. Bf2 Bxf2 41. Kxf2 Kd6 42. Ke3 Ke5 43. f6 a5 44. Bb5 Bxe4 45. Be8 Bc2 46. Bxf7 Bxa4 47. Bg8 Be8 48. Bxh7 Bf7 49. h5 gxh5 50. g6 Kxf6 51. gxf7 Kxf7 52. Kf4 Kf6 53. Bc2 e5+ 54. Ke4 Ke6 55. Bb3+ Kd6 56. Ba4 h4 57. Bc2 h3 58. Kf3 Kd5 59. Kg3 Kd4 60. Kxh3 Kc3 61. Ba4 Kb4 62. Bd1 e4 63. Kg3 Kc3 64. Kg4 Kd2 65. Kf4 e3 66. Bh5 a4 67. Ke4 a3 68. Kd4 a2 0-1


[Site "https://www.chess.com"]

[Event "Titled Tuesday Blitz August 17 2021"]
[White "Koellner, Ruben Gideon"]
[Black "Rodriguez Hernandez, Luis Daniel"]
[WhiteFideId "12993093"]
[BlackFideId "3506770"]
[WhiteElo "2536"]
[BlackElo "2133"]
[Result "1/2-1/2"]
[Round "08"]
[TimeControl "180+1"]
[Date "2021.08.17"]
[WhiteClock "0:01:56"]
[BlackClock "0:00:44"]

1. d4 Nf6 2. Bg5 e6 3. Nd2 h6 4. Bh4 c5 5. e4 cxd4 6. e5 g5 7. Bg3 Nd5 8. h4 g4 9. Qxg4 Qb6 10. O-O-O Nc3 11. Nc4 Nxa2+ 12. Kb1 Nc3+ 13. Kc1 Na2+ 14. Kb1 Nc3+ 15. Kc1 Na2+ 1/2-1/2


[Site "https://www.chess.com"]

[Event "Titled Tuesday Blitz August 17 2021"]
[White "Korchmar, Vasiliy"]
[Black "Khabinets, Ivan"]
[WhiteFideId "24131750"]
[BlackFideId "14115980"]
[WhiteElo "2370"]
[BlackElo "2114"]
[Result "1-0"]
[Round "08"]
[TimeControl "180+1"]
[Date "2021.08.17"]
[WhiteClock "0:02:20"]
[BlackClock "0:00:59"]

1. e4 c5 2. Nf3 d6 3. d4 cxd4 4. Nxd4 Nf6 5. Nc3 a6 6. Be2 e5 7. Nb3 Be7 8. O-O O-O 9. Qd3 Nc6 10. Bd2 Be6 11. Nd5 Rc8 12. a4 h6 13. a5 Bxd5 14. exd5 Nb8 15. c4 Nbd7 16. f4 Qc7 17. Kh1 Rfe8 18. Bc3 exf4 19. Rxf4 Nc5 20. Nxc5 dxc5 21. Raf1 Qd6 22. Bd1 Rf8 23. Bc2 Rfe8 24. g4 Qd7 25. h4 Bd6 26. Rxf6 gxf6 27. Qh7+ Kf8 28. Qh8+ Ke7 29. Bxf6# 1-0


[Site "https://www.chess.com"]

[Event "Titled Tuesday Blitz August 17 2021"]
[White "Krysa, Leandro"]
[Black "Bazarov, Konstantin"]
[WhiteFideId "116807"]
[BlackFideId "4137000"]
[WhiteElo "2490"]
[BlackElo "2122"]
[Result "1-0"]
[Round "08"]
[TimeControl "180+1"]
[Date "2021.08.17"]
[WhiteClock "0:01:31"]
[BlackClock "0:01:10"]

1. e4 d5 2. exd5 Qxd5 3. Nf3 Nc6 4. Be2 Bg4 5. d4 O-O-O 6. c4 Qf5 7. Be3 Nf6 8. Nbd2 e5 9. d5 e4 10. dxc6 exf3 11. gxf3 Bh3 12. Qa4 a6 13. cxb7+ Kxb7 14. c5 Bxc5 15. Bxa6+ Kb8 16. Qc6 Qd5 17. Qxc5 Qxc5 18. Bxc5 Rhe8+ 19. Be3 Nd5 20. O-O-O Nxe3 21. fxe3 Rxe3 22. Rhe1 Rxe1 23. Rxe1 Rd6 24. Bc4 f5 25. Re7 Rg6 26. Bd5 Rg2 27. Nc4 f4 28. Re8+ Ka7 29. Ra8# 1-0


[Site "https://www.chess.com"]

[Event "Titled Tuesday Blitz August 17 2021"]
[White "Kuzubov, Yuriy"]
[Black "Esipenko, Andrey"]
[WhiteFideId "14112906"]
[BlackFideId "24175439"]
[WhiteElo "2564"]
[BlackElo "2595"]
[Result "0-1"]
[Round "08"]
[TimeControl "180+1"]
[Date "2021.08.17"]
[WhiteClock "0:00:03"]
[BlackClock "0:00:02"]

1. d4 Nf6 2. Nf3 e6 3. c4 Bb4+ 4. Bd2 c5 5. Bxb4 cxb4 6. g3 b6 7. Bg2 Bb7 8. a3 bxa3 9. Nxa3 a5 10. d5 O-O 11. O-O exd5 12. Nh4 Na6 13. Nf5 Nc5 14. Nd6 Ba6 15. Bxd5 Rb8 16. Bf3 Qe7 17. Re1 Qe5 18. Rb1 Nfe4 19. Nab5 Bxb5 20. Nxb5 Rfe8 21. e3 Qf6 22. Kg2 Re5 23. Bxe4 Nxe4 24. f3 Nc5 25. e4 Qc6 26. Qd6 Rbe8 27. Red1 h6 28. Nc3 f5 29. Qxc6 dxc6 30. f4 R5e7 31. e5 Kf7 32. Rd6 Re6 33. Rd2 Rb8 34. Ne2 Nb3 35. Rd7+ Re7 36. Rd3 a4 37. Rbd1 b5 38. cxb5 cxb5 39. h3 b4 40. g4 fxg4 41. hxg4 Nc5 42. Rd5 Rc7 43. Rc1 Rbc8 44. Ra1 Ra7 45. Rd4 Nb3 46. Rxa4 Rxa4 47. Rd7+ Kg8 48. f5 Ra2 49. Nf4 Rxb2+ 50. Kf3 Rc3+ 0-1


[Site "https://www.chess.com"]

[Event "Titled Tuesday Blitz August 17 2021"]
[White "Laurusas, Tomas"]
[Black "Vlassov, Nikolai"]
[WhiteFideId "12803731"]
[BlackFideId "4103360"]
[WhiteElo "2542"]
[BlackElo "2407"]
[Result "1-0"]
[Round "08"]
[TimeControl "180+1"]
[Date "2021.08.17"]
[WhiteClock "0:01:42"]
[BlackClock "0:00:04"]

1. Nf3 Nf6 2. d3 Nc6 3. e4 e5 4. Nbd2 Bc5 5. Be2 O-O 6. O-O d5 7. c3 a5 8. Re1 h6 9. a4 Be6 10. h3 Re8 11. Bf1 Qd7 12. Qc2 Rad8 13. exd5 Qxd5 14. Ne4 Nxe4 15. dxe4 Qb3 16. Qe2 Bb6 17. Nd2 Qc2 18. Nc4 Qxe2 19. Bxe2 Bc5 20. Kf1 Rd7 21. Be3 Bxc4 22. Bxc5 Bxe2+ 23. Kxe2 b6 24. Be3 Red8 25. Red1 Kf8 26. Rxd7 Rxd7 27. h4 h5 28. f3 Ke7 29. g4 hxg4 30. fxg4 Nd8 31. h5 Ne6 32. g5 Rd8 33. h6 gxh6 34. gxh6 Rh8 35. b4 axb4 36. cxb4 Nf4+ 37. Bxf4 exf4 38. Rh1 c5 39. bxc5 bxc5 40. Kf3 c4 41. Kxf4 c3 42. Ke3 Kf6 43. h7 Kg7 44. a5 c2 45. Kd2 1-0


[Site "https://www.chess.com"]

[Event "Titled Tuesday Blitz August 17 2021"]
[White "Le, Tuan Minh"]
[Black "Ivanov, Oleg"]
[WhiteFideId "12401153"]
[BlackFideId "4103114"]
[WhiteElo "2450"]
[BlackElo "2703"]
[Result "1-0"]
[Round "08"]
[TimeControl "180+1"]
[Date "2021.08.17"]
[WhiteClock "0:00:11"]
[BlackClock "0:00:01"]

1. d4 d5 2. Nf3 Nf6 3. Bf4 e6 4. e3 Bd6 5. Nbd2 O-O 6. c3 c5 7. Bd3 b6 8. Qe2 a5 9. O-O Ba6 10. Bxa6 Nxa6 11. Bg5 Be7 12. Rad1 Nb8 13. e4 Nc6 14. exd5 Nxd5 15. Bxe7 Qxe7 16. dxc5 Qxc5 17. Ne4 Qe7 18. Rd2 Rfd8 19. Rfd1 Qc7 20. c4 Nf4 21. Qe3 Rxd2 22. Rxd2 Rd8 23. Nc3 Rxd2 24. Qxd2 Ng6 25. b3 h6 26. h3 Nge5 27. Ne1 Ne7 28. Nc2 Nf5 29. Ne3 Nxe3 30. Qxe3 Qd6 31. Nb5 Qd1+ 32. Kh2 Nd7 33. Qf4 e5 34. Qe4 Qd2 35. Qf5 g6 36. Qf3 Kg7 37. a3 Nc5 38. Nc7 e4 39. Qg3 Nd3 40. Ne8+ Kf8 41. Nf6 Qxf2 42. Qd6+ Kg7 43. Nxe4 Qf4+ 44. Qxf4 Nxf4 45. Kg3 Ne6 46. b4 axb4 47. axb4 f5 48. Nc3 Nf8 49. Kf4 Nd7 50. Nd5 Kf7 51. Ke3 Ke6 52. Kd4 Kd6 53. Nxb6 Nxb6 54. c5+ Kc6 55. cxb6 g5 56. Ke5 f4 57. Kf5 Kxb6 58. Kg6 Kb5 59. Kxh6 f3 60. gxf3 Kxb4 61. Kxg5 1-0


[Site "https://www.chess.com"]

[Event "Titled Tuesday Blitz August 17 2021"]
[White "Leitao, Rafael"]
[Black "Seul, Georg"]
[WhiteFideId "2101246"]
[BlackFideId "4601653"]
[WhiteElo "2609"]
[BlackElo "2332"]
[Result "1-0"]
[Round "08"]
[TimeControl "180+1"]
[Date "2021.08.17"]
[WhiteClock "0:00:55"]
[BlackClock "0:00:51"]

1. c4 e5 2. Nc3 Bb4 3. Qc2 Nf6 4. a3 Bxc3 5. Qxc3 Qe7 6. Nf3 d6 7. g3 O-O 8. Bg2 a5 9. b3 Nc6 10. Bb2 Bg4 11. O-O Bxf3 12. Qxf3 Nd4 13. Bxd4 exd4 14. Qxb7 Rab8 15. Qa7 Rxb3 16. Qxa5 Rfb8 17. e3 d3 18. a4 Ne4 19. Bxe4 Qxe4 20. Qxc7 h5 21. Qxd6 Qxc4 22. Rfc1 Qe4 23. a5 Rb2 24. a6 Rxd2 25. Qxb8+ 1-0


[Site "https://www.chess.com"]

[Event "Titled Tuesday Blitz August 17 2021"]
[White "Levitskiy, Andrey"]
[Black "Rodchenkov, Sergey D."]
[WhiteFideId "14132885"]
[BlackFideId "4168712"]
[WhiteElo "2340"]
[BlackElo "2306"]
[Result "1-0"]
[Round "08"]
[TimeControl "180+1"]
[Date "2021.08.18"]
[WhiteClock "0:00:21"]
[BlackClock "0:00:14"]

1. e4 c5 2. Nf3 d6 3. d4 cxd4 4. Nxd4 Nf6 5. Nc3 a6 6. h3 e5 7. Nde2 h5 8. Bg5 Be6 9. Bxf6 Qxf6 10. Nd5 Bxd5 11. Qxd5 Nc6 12. c3 Qh6 13. Ng3 g6 14. Bc4 Qf4 15. Ne2 Qf6 16. Rd1 Be7 17. O-O O-O 18. Rd3 Nd8 19. f4 Rc8 20. Rdf3 Ne6 21. fxe5 Qxe5 22. Rxf7 Rxf7 23. Qxe5 dxe5 24. Bxe6 Rf8 25. Nc1 Kg7 26. Rxf7+ Rxf7 27. Bxf7 Kxf7 28. Nd3 Ke6 29. Kf2 g5 30. Ke3 Bd6 31. a4 b6 32. b4 b5 33. a5 Bb8 34. g4 hxg4 35. hxg4 Ba7+ 36. Ke2 Kd6 37. Ne1 Ke6 38. Nf3 Kf6 39. Kd3 Bf2 40. c4 Ba7 41. Nd2 Ke6 42. Nb3 Kd6 43. Na1 Bd4 44. Nc2 Ba7 45. Na3 Kc6 46. Nc2 Kd6 47. Ne1 Ke6 48. Kc3 Bd4+ 49. Kb3 Bf2 50. Nf3 Kf6 51. Nd2 Ba7 52. Nb1 Ke6 53. Nc3 bxc4+ 54. Kxc4 Kd6 55. Nd5 Bd4 56. b5 axb5+ 57. Kxb5 Bf2 58. Nb4 Bg1 59. Nd3 Bd4 60. Ne1 Bf2 61. Nf3 Be3 62. Ka6 Ke6 63. Kb7 Kf6 64. a6 Ke6 65. Nd2 Kd6 66. Nc4+ Kc5 67. Nxe3 Kd4 68. a7 Kxe3 69. a8=Q Kxe4 70. Kc6 Kf4 71. Qe8 Kxg4 72. Kd5 e4 73. Qxe4+ Kh5 74. Ke5 g4 75. Qf4 Kh4 76. Kf5 Kh3 77. Qxg4+ Kh2 78. Ke4 Kh1 79. Kf3 1-0


[Site "https://www.chess.com"]

[Event "Titled Tuesday Blitz August 17 2021"]
[White "Machidon, Cristi"]
[Black "Ivanisevic, Ivan"]
[WhiteFideId "13904590"]
[BlackFideId "912417"]
[WhiteElo "2312"]
[BlackElo "2499"]
[Result "1/2-1/2"]
[Round "08"]
[TimeControl "180+1"]
[Date "2021.08.17"]
[WhiteClock "0:00:14"]
[BlackClock "0:00:10"]

1. d4 d5 2. Nf3 Nf6 3. Bg5 Ne4 4. Bh4 c5 5. e3 Qb6 6. Nc3 cxd4 7. Qxd4 Qxd4 8. exd4 Nxc3 9. bxc3 e6 10. Ne5 Be7 11. Bb5+ Bd7 12. Nxd7 Nxd7 13. Bg3 a6 14. Bd3 Ba3 15. Rb1 b5 16. Rb3 Be7 17. a4 bxa4 18. Rb7 a3 19. Kd2 h5 20. h4 g5 21. hxg5 Bxg5+ 22. f4 Be7 23. Ke2 Bd6 24. Kf3 Nf6 25. Bh4 Ng4 26. Re1 Kf8 27. Rd7 Bb8 28. Be7+ Kg7 29. Bxa3 Ra7 30. Rxa7 Bxa7 31. Bxa6 Nf6 32. Bd3 Rc8 33. Bb4 Bb6 34. Ra1 Bd8 35. g3 Rc7 36. Ra8 Be7 37. Ba5 Rc6 38. Bb5 Rd6 39. Bb4 Rd8 40. Rxd8 Bxd8 41. c4 dxc4 42. Bxc4 Bb6 43. c3 Nd5 44. Bxd5 exd5 45. Bd6 Kf6 46. g4 hxg4+ 47. Kxg4 Ke6 48. Bb4 f5+ 49. Kf3 Bd8 50. Ke3 Kd7 51. Ba3 Kc6 52. Kd3 Bc7 53. Bc1 Kb5 54. Bd2 Bd6 55. Be3 Bc7 56. Bd2 Bd6 57. Be3 Ba3 58. Bd2 Bd6 1/2-1/2


[Site "https://www.chess.com"]

[Event "Titled Tuesday Blitz August 17 2021"]
[White "Maevsky, Nikolay"]
[Black "Krishnakumar, Sriram"]
[WhiteFideId "4198220"]
[BlackFideId "30915856"]
[WhiteElo "2213"]
[BlackElo "2373"]
[Result "1-0"]
[Round "08"]
[TimeControl "180+1"]
[Date "2021.08.18"]
[WhiteClock "0:00:09"]
[BlackClock "0:00:07"]

1. d4 d5 2. Nf3 Nf6 3. e3 e6 4. Bd3 c5 5. b3 Nc6 6. Bb2 b6 7. Nbd2 Bb7 8. O-O Bd6 9. Ne5 Bxe5 10. dxe5 Nd7 11. f4 Qe7 12. c4 d4 13. exd4 Nxd4 14. Ne4 Nf5 15. Qe2 Bxe4 16. Bxe4 Rd8 17. Rad1 O-O 18. g4 Nh4 19. Kh1 Ng6 20. Bb1 Nb8 21. f5 Rxd1 22. Rxd1 exf5 23. gxf5 Nf4 24. Qf3 Qh4 25. Rg1 g6 26. Bc1 Nh3 27. Rg3 Nd7 28. Kg2 Nxe5 29. Qe4 Qxe4+ 30. Bxe4 Rd8 31. Kxh3 Rd1 32. Bf4 Nd7 33. Bd5 Nf6 34. fxg6 Nxd5 35. gxh7+ Kxh7 36. cxd5 Rxd5 37. Kg4 Kg6 38. Kf3+ Kf6 39. Rg2 Rd1 40. h4 Rh1 41. Rh2 Rf1+ 42. Kg4 Kg6 43. h5+ Kh7 44. Kf5 Ra1 45. Rg2 Rh1 46. h6 Rf1 47. Rg7+ Kh8 48. Rxf7 a5 49. Kg6 Rg1+ 50. Bg5 Kg8 51. h7+ Kh8 52. Rf8# 1-0


[Site "https://www.chess.com"]

[Event "Titled Tuesday Blitz August 17 2021"]
[White "Manukyan, Sargis A."]
[Black "Nesterov, Arseniy"]
[WhiteFideId "13303970"]
[BlackFideId "24198455"]
[WhiteElo "2187"]
[BlackElo "2477"]
[Result "0-1"]
[Round "08"]
[TimeControl "180+1"]
[Date "2021.08.17"]
[WhiteClock "0:00:09"]
[BlackClock "0:00:18"]

1. c4 e5 2. Nc3 Bb4 3. g3 Bxc3 4. dxc3 Nc6 5. Bg2 Nge7 6. Nf3 O-O 7. O-O d6 8. b3 a5 9. a4 h6 10. Ba3 Be6 11. Qc2 b6 12. Rad1 Qc8 13. Rfe1 Bh3 14. Bh1 f5 15. b4 Qe6 16. c5 bxc5 17. bxc5 d5 18. e3 Rad8 19. Qb3 Kh8 20. Rd2 Qg6 21. c4 d4 22. exd4 e4 23. Nh4 Qg5 24. Qe3 f4 25. Qxe4 fxg3 26. hxg3 Qxd2 27. Re2 Qxd4 28. Qxd4 Rxd4 29. Bxc6 Nxc6 30. Ng6+ Kg8 31. Nxf8 Kxf8 32. Kh2 Bg4 33. Rb2 Rxc4 34. Rb7 Rxa4 35. Bc1 Ra1 36. Bb2 Rd1 37. Rxc7 Bd7 38. Kg2 g6 39. f4 Rd2+ 40. Kf3 Rxb2 41. Rxd7 Rb5 42. Rd6 Rxc5 43. Rxg6 a4 44. Rxh6 a3 45. Rh2 Nb4 46. Rh1 a2 47. Ra1 Ra5 48. Ke4 Nc2 49. Rxa2 Rxa2 50. g4 Ra4+ 51. Kf5 Nd4+ 52. Kg6 Ne2 53. f5 Rxg4+ 54. Kh7 Kf7 55. f6 Rh4# 0-1


[Site "https://www.chess.com"]

[Event "Titled Tuesday Blitz August 17 2021"]
[White "Matthiesen, Martin"]
[Black "Politov, Pavel Y."]
[WhiteFideId "1404067"]
[BlackFideId "24110515"]
[WhiteElo "2337"]
[BlackElo "2090"]
[Result "0-1"]
[Round "08"]
[TimeControl "180+1"]
[Date "2021.08.18"]
[WhiteClock "0:00:02"]
[BlackClock "0:00:09"]

1. d4 Nf6 2. c4 g6 3. Nc3 d5 4. e3 Bg7 5. Nf3 O-O 6. Bd2 c6 7. Rc1 a5 8. cxd5 Nxd5 9. Bc4 Nb6 10. Bb3 N8d7 11. O-O c5 12. d5 a4 13. Bc2 a3 14. b3 Nf6 15. e4 e6 16. Be3 exd5 17. Bxc5 Re8 18. exd5 Nbxd5 19. Nb5 Qa5 20. Bd3 Nb4 21. Bxb4 Qxb4 22. Nc7 Bg4 23. Nxa8 Rxa8 24. Bc4 Ne4 25. Qd5 Bxf3 26. Qxf7+ Kh8 27. Qxf3 Nd2 28. Qf7 Nxf1 29. Rxf1 Rd8 30. h4 Qd2 31. h5 gxh5 32. Qxh5 Qxa2 33. Qg5 Qd2 34. Qh5 a2 35. Be6 Qh6 36. Qxh6 Bxh6 37. Ra1 Rd6 38. Bc4 b5 39. Bxb5 Rd2 40. Re1 Rb2 0-1


[Site "https://www.chess.com"]

[Event "Titled Tuesday Blitz August 17 2021"]
[White "Maze, Sebastien"]
[Black "Cunjalo, Faris"]
[WhiteFideId "613762"]
[BlackFideId "14410710"]
[WhiteElo "2462"]
[BlackElo "2234"]
[Result "0-1"]
[Round "08"]
[TimeControl "180+1"]
[Date "2021.08.17"]
[WhiteClock "0:02:24"]
[BlackClock "0:02:05"]

1. e4 c5 2. Nf3 Nc6 3. Bb5 g6 4. O-O Bg7 5. Re1 e5 6. Bxc6 dxc6 7. d3 Qc7 8. a3 a5 9. Be3 b6 10. Nbd2 Ne7 11. Nc4 Be6 12. b4 Bxc4 13. dxc4 axb4 14. axb4 Rxa1 15. Qb1 Rxb1 0-1


[Site "https://www.chess.com"]

[Event "Titled Tuesday Blitz August 17 2021"]
[White "Mikhnenko, Alexander"]
[Black "Maiorov, Nikita"]
[WhiteFideId "34143014"]
[BlackFideId "13501720"]
[WhiteElo "2135"]
[BlackElo "2440"]
[Result "1-0"]
[Round "08"]
[TimeControl "180+1"]
[Date "2021.08.17"]
[WhiteClock "0:00:33"]
[BlackClock "0:00:35"]

1. Nf3 Nf6 2. c4 b6 3. g3 Bb7 4. Bg2 e6 5. O-O Be7 6. d4 O-O 7. b3 c5 8. dxc5 bxc5 9. Bb2 d6 10. e3 Nc6 11. Nc3 Qb6 12. Qe2 Rfd8 13. Rfd1 a6 14. Rac1 Nb4 15. Nd2 Bxg2 16. Kxg2 Qb7+ 17. Qf3 d5 18. cxd5 exd5 19. Nc4 Rab8 20. Na3 Bf8 21. Nc2 Nc6 22. Nxd5 Nxd5 23. Rxd5 Rxd5 24. Qxd5 Rd8 25. Qf3 Qd7 26. Bc3 Qe6 27. Na3 Rd3 28. Nc4 Nd4 29. Bxd4 cxd4 30. Rd1 Rxd1 31. Qxd1 Qe4+ 32. Qf3 Qc2 33. Ne5 Qc7 34. exd4 g6 35. Qd5 Bg7 36. h4 Bf6 37. h5 Kg7 38. hxg6 hxg6 39. Ng4 1-0


[Site "https://www.chess.com"]

[Event "Titled Tuesday Blitz August 17 2021"]
[White "Mirzoev, Azer"]
[Black "Barp, Alberto"]
[WhiteFideId "13400304"]
[BlackFideId "872555"]
[WhiteElo "2525"]
[BlackElo "2229"]
[Result "1/2-1/2"]
[Round "08"]
[TimeControl "180+1"]
[Date "2021.08.17"]
[WhiteClock "0:00:10"]
[BlackClock "0:00:13"]

1. d4 d5 2. Bf4 Nf6 3. e3 Bf5 4. Nf3 e6 5. c4 c6 6. Nc3 Be7 7. Qb3 Qb6 8. c5 Qxb3 9. axb3 a6 10. b4 O-O 11. b5 cxb5 12. Bxb5 Nc6 13. Bxc6 bxc6 14. Ne5 Rfc8 15. Na4 Bd8 16. h3 Ra7 17. O-O Rb7 18. Rfc1 Ne4 19. Nc3 f6 20. Nf3 Rxb2 21. Nxe4 dxe4 22. Ne1 Ra8 23. Nc2 a5 24. Na3 a4 25. Nc4 Rb4 26. Rc3 Bg6 27. Nd6 Bc7 28. g4 h5 29. Kg2 hxg4 30. hxg4 Bf7 31. Bg3 Bg6 32. Raa3 Ra6 33. Bf4 Kf8 34. Kg3 Bb8 35. g5 Ke7 36. gxf6+ gxf6 37. Nc8+ Kd8 38. Nb6 e5 39. dxe5 Bxe5 40. Bxe5 fxe5 41. Rc1 Ra5 42. Kg4 Ke7 43. Kg5 Bf7 44. Kf5 Be6+ 45. Kg5 Rbb5 46. Rxa4 Rxc5 47. Rxc5 Rxc5 48. Ra7+ Kd6 49. Ra1 Rc2 50. Rd1+ Kc7 51. Kf6 Kxb6 52. Kxe6 Rxf2 53. Kxe5 Rb2 54. Kxe4 c5 55. Kf5 c4 56. e4 Kc5 57. e5 Re2 58. Rd8 c3 59. e6 Kb4 60. Rb8+ Ka3 61. Rc8 Kb2 62. Kf6 c2 63. e7 c1=Q 64. Rxc1 Kxc1 65. Kf7 Rxe7+ 66. Kxe7 1/2-1/2


[Site "https://www.chess.com"]

[Event "Titled Tuesday Blitz August 17 2021"]
[White "Mladek, Richard"]
[Black "Bologan, Victor"]
[WhiteFideId "386588"]
[BlackFideId "13900048"]
[WhiteElo "2355"]
[BlackElo "2511"]
[Result "0-1"]
[Round "08"]
[TimeControl "180+1"]
[Date "2021.08.17"]
[WhiteClock "0:00:10"]
[BlackClock "0:00:32"]

1. Nf3 c5 2. c4 Nc6 3. d4 cxd4 4. Nxd4 Nf6 5. Nc3 g6 6. e4 d6 7. Be2 Bg7 8. Be3 O-O 9. O-O a5 10. f3 a4 11. Nxa4 Ng4 12. fxg4 Nxd4 13. Bxd4 Bxd4+ 14. Qxd4 Rxa4 15. b3 Ra5 16. h3 Bd7 17. Bf3 Re5 18. Rfd1 Qa5 19. Qd2 Qa3 20. Rac1 Ra8 21. Rc2 Bc6 22. Kh1 Bxe4 23. Bxe4 Rxe4 24. Qf2 Qa7 25. Qf3 Qe3 26. Rf1 Qxf3 27. gxf3 Rd4 28. Kg2 e5 29. Kf2 Kf8 30. Ke3 Ke7 31. f4 f6 32. Rff2 Ke6 33. f5+ Ke7 34. Rcd2 Rxd2 35. Rxd2 gxf5 36. gxf5 Rg8 37. Ke4 Rg3 38. Rd3 Rg2 39. a4 h5 40. Rf3 Kd7 41. Rd3 Kc6 42. a5 Rf2 43. Rf3 Rxf3 44. Kxf3 d5 45. cxd5+ Kxd5 46. Ke3 Kc5 47. Ke4 Kb4 48. Kd5 Kxb3 49. Ke6 e4 50. Kxf6 e3 51. Kg7 e2 52. f6 e1=Q 53. f7 Qc3+ 54. Kg8 Qc4 55. Kg7 Qd4+ 56. Kg8 Qd5 57. Kg7 Qg5+ 58. Kh7 Qf6 59. Kg8 Qg6+ 60. Kf8 Ka4 61. h4 Kxa5 62. Ke8 Qe6+ 63. Kf8 b5 64. Kg8 b4 65. Kg7 Qe7 66. Kg8 b3 67. f8=Q Qxf8+ 68. Kxf8 b2 69. Kg7 b1=Q 70. Kh6 0-1


[Site "https://www.chess.com"]

[Event "Titled Tuesday Blitz August 17 2021"]
[White "Mogirzan, Matei-Valeriu"]
[Black "Sadykov, Ramil"]
[WhiteFideId "1257455"]
[BlackFideId "24113590"]
[WhiteElo "1733"]
[BlackElo "2300"]
[Result "1-0"]
[Round "08"]
[TimeControl "180+1"]
[Date "2021.08.18"]
[WhiteClock "0:00:22"]
[BlackClock "0:00:03"]

1. e4 c5 2. Nf3 e6 3. d4 cxd4 4. Nxd4 Nf6 5. Bd3 Nc6 6. Nxc6 dxc6 7. O-O e5 8. Kh1 Bc5 9. Nc3 Be6 10. f4 exf4 11. Bxf4 Ng4 12. Qf3 Bd4 13. Rad1 Be5 14. Bc4 Qe7 15. Bxe6 Qxe6 16. Bxe5 Nxe5 17. Qf5 Qe7 18. Ne2 O-O 19. Ng3 Rad8 20. Rde1 Rd2 21. Qf4 Rxc2 22. Nf5 Qf6 23. Qg3 Kh8 24. Nd4 Rxb2 25. Rxf6 gxf6 26. Nf5 Rg8 27. Qh4 Rg6 28. Rd1 h6 29. Nxh6 Rbxg2 30. Nf5+ Kg8 31. Rd8# 1-0


[Site "https://www.chess.com"]

[Event "Titled Tuesday Blitz August 17 2021"]
[White "Moroni, Luca Jr"]
[Black "Costachi, Mihnea"]
[WhiteFideId "865834"]
[BlackFideId "1217518"]
[WhiteElo "2491"]
[BlackElo "2482"]
[Result "1-0"]
[Round "08"]
[TimeControl "180+1"]
[Date "2021.08.17"]
[WhiteClock "0:00:05"]
[BlackClock "0:00:04"]

1. d4 Nf6 2. c4 g6 3. Nc3 Bg7 4. e4 O-O 5. Bd3 d6 6. Nge2 c5 7. d5 a6 8. a4 Nbd7 9. O-O e6 10. Bg5 h6 11. dxe6 hxg5 12. exd7 Bxd7 13. Qd2 Ng4 14. Rad1 Ne5 15. b3 Qb6 16. Bc2 Bc6 17. Qxg5 Rad8 18. f4 Nd7 19. f5 Bf6 20. Qh6 Ne5 21. Nd5 Bxd5 22. exd5 Bg7 23. Qh4 Rde8 24. f6 Bh8 25. Ng3 Qd8 26. Rf4 Nd7 27. Rdf1 Re5 28. Ne4 Rxe4 29. Bxe4 Ne5 30. Qh6 Re8 31. h4 Qd7 32. h5 Ng4 33. Qg5 Ne3 34. hxg6 Nxf1 35. g7 Rxe4 36. gxh8=Q+ Kxh8 37. Qg7# 1-0


[Site "https://www.chess.com"]

[Event "Titled Tuesday Blitz August 17 2021"]
[White "Moskalenko, Alexander"]
[Black "Zarubitski, Viachaslau"]
[WhiteFideId "4155351"]
[BlackFideId "13509373"]
[WhiteElo "2495"]
[BlackElo "2315"]
[Result "1-0"]
[Round "08"]
[TimeControl "180+1"]
[Date "2021.08.17"]
[WhiteClock "0:02:22"]
[BlackClock "0:00:11"]

1. c4 c6 2. d4 d5 3. Nf3 Nf6 4. Qc2 g6 5. Bf4 Bg7 6. e3 O-O 7. Nc3 Bf5 8. Qb3 Qb6 9. c5 Qxb3 10. axb3 Nbd7 11. h3 Rfe8 12. b4 h6 13. b5 g5 14. Bh2 Ne4 15. bxc6 bxc6 16. Ba6 e5 17. Bb7 Rab8 18. Bxc6 Rxb2 19. Nxe4 dxe4 20. Nxe5 Nxe5 21. Bxe5 Rc8 22. Bxg7 Rxc6 23. d5 Ra6 24. Bxb2 1-0


[Site "https://www.chess.com"]